 Dungeon Sprint DCSS version 0.25.1-1-g288607f5aa (webtiles) character file.

Game seed: 2468044998341264022

362 jt the Basher (level 6, -3/47 HPs)
             Began as a Formicid Fighter on July 27, 2020.
             Was an Initiate of Gozag.
             Splashed by an oklob plant's acid (16 damage)
             ... in the Dungeon (Sprint I: "Red Sonja").
             The game lasted 00:02:51 (789 turns).

jt the Basher (Formicid Fighter)                     Turns: 789, Time: 00:02:52

Health: -3/47      AC: 13    Str: 22    XL:     6   Next: 99%
Magic:  6/6        EV:  5    Int:  8    God:    Gozag
Gold:   35         SH: 11    Dex: 10    Spells: 5/5 levels left

rFire    . . .     SeeInvis +   a - +0 flail
rCold    + . .     Gourm    .   c - +0 kite shield
rNeg     . . .     Faith    .   s - +4 plate armour {rC+}
rPois    .         Spirit   .   (helmet unavailable)
rElec    .         Reflect  .   p - scarf {repulsion}
rCorr    .         Harm     .   (no gloves)
MR       .....                  n - +2 pair of boots
Stlth    ..........             (no amulet)
HPRegen  0.15/turn              (no ring)
MPRegen  0.10/turn              (no ring)

@: corroded, heavily drained, repel missiles
A: permanent stasis, dig shafts and tunnels, four strong arms, antennae 3
a: Dig, Potion Petition, Call Merchant, Bribe Branch, Renounce Religion


You were in the Dungeon.
You worshipped Gozag.
Gozag was noncommittal.
You were not hungry.

You visited 1 branch You collected 725 gold pieces.
You spent 690 gold pieces at shops.

Inventory:

Hand Weapons
 a - a +0 flail (weapon)
 g - a +0 scythe
 m - a +0 hand axe
Missiles
 q - 24 stones (quivered)
Armour
 c - a +0 kite shield (worn)
 n - a +2 pair of boots (worn)
 p - a scarf of repulsion (worn)
 s - a +4 plate armour of cold resistance (worn)
Jewellery
 d - an uncursed ring of ice {unknown}
Wands
 l - a wand of random effects (11)
Potions
 e - 3 potions of curing
 i - 2 potions of magic
 o - a potion of stabbing {unknown}
 r - a potion of heal wounds
Comestibles
 f - 3 rations


   Skills:
 - Level 3.2(1.9) Fighting
 + Level 11.8(10.1) Maces & Flails
 + Level 0.0 Throwing
 - Level 3.2(1.9) Armour
 - Level 9.0(7.4) Shields


You had 5 spell levels left.
You didn't know any spells.
Your spell library was empty.

Dungeon Overview and Level Annotations

Branches:
Dungeon (1/1)

Altars:
Cheibriados
Dithmenos
Elyvilon
Fedhas
Gozag
Hepliaklqana
Kikubaaqudgha
Nemelex Xobeh
Okawaru
Qazlal
Ru
Sif Muna
Trog
Uskayaw
Vehumet
Wu Jian
Yredelemnul
Zin
The Shining One

Shops:
D !:[

Annotations:
D exclusion: oklob plant, Sonja


Innate Abilities, Weirdness & Mutations

You cannot be hasted, slowed, berserked, paralysed or teleported.
You can dig through walls and to a lower floor.
Your four strong arms can wield two-handed weapons with a shield.
You have a pair of large antennae on your head. (SInv)


Message History

You hit the oklob plant.
The oklob plant is lightly damaged.
You hit the oklob plant but do no damage.
The oklob plant is lightly damaged.
You sock the oklob plant!
The oklob plant is moderately damaged.
You hit the oklob plant but do no damage.
The oklob plant is moderately damaged.
You sock the oklob plant!
The oklob plant is heavily damaged.
You hit the oklob plant.
The oklob plant is heavily damaged.
You hit the oklob plant.
The oklob plant is severely damaged.
The oklob plant spits acid at you. The splash of acid hits you!
* * * LOW HITPOINT WARNING * * *
The acid corrodes you!
You are splashed with acid!
You die...
Your body crumbles into a pile of gold.

..'[.#..+ { $$ $
#'#####'# { { $
..#...#.# {{ $ $
###..##.# { $$ $
__##'#_.+ { $
...'..._# { $$ $$$
__##_.#'##+#####+#
{
__###'#[......##P+$
#####.####+###?#@#$
...'...+$${$$+.∩##
$$ ####...# #### $
$$ $$ $ ###.### {


$$$$$$$$$ {#.#'#.#{{ $ $$$$$$$$$ #.....# { $ $$$$$$ {#.....#{{{{ { $$$
#######{{{ { {{{{ You could see an oklob plant.

Vanquished Creatures
  Sigmund (D)
  A yak (D)
  A jelly (D)
  Ijyb (D)
4 creatures vanquished.

Vanquished Creatures (others)
  A deep elf master archer (D)
  3 hornets (D)
  An ogre (D)
  2 ballistomycete spores (D)
7 creatures vanquished.

Grand Total: 11 creatures vanquished

Notes
Turn   | Place    | Note
-------+----------+-------------------------------------------
     0 | D        | jt the Formicid Fighter began the quest for the Orb.
     0 | D        | Reached XP level 1. HP: 18/18 MP: 1/1
     2 | D        | Noticed Ijyb
    20 | D        | Killed Ijyb
    20 | D        | Reached skill level 4 in Maces & Flails
    20 | D        | Reached XP level 2. HP: 19/24 MP: 2/2
    20 | D        | Reached XP level 3. HP: 23/29 MP: 3/3
    84 | D        | Noticed an ogre
   103 | D        | Noticed Sigmund
   112 | D        | Killed Sigmund
   112 | D        | Reached skill level 8 in Maces & Flails
   112 | D        | Reached XP level 4. HP: 20/35 MP: 4/4
   112 | D        | Reached XP level 5. HP: 23/41 MP: 5/5
   244 | D        | Found a shimmering blue altar of Sif Muna.
   245 | D        | Found an ornate altar of the Wu Jian Council.
   246 | D        | Found a radiant altar of Vehumet.
   251 | D        | Reached skill level 9 in Maces & Flails
   251 | D        | Reached XP level 6. HP: 14/47 MP: 6/6
   314 | D        | Killed an ogre
   468 | D        | Found Xigroxin's Book Emporium.
   468 | D        | Found an ancient bone altar of Kikubaaqudgha.
   468 | D        | Found a hazy altar of Hepliaklqana.
   468 | D        | Found a stormy altar of Qazlal.
   468 | D        | Found a hide-covered altar of Uskayaw.
   468 | D        | Found a blossoming altar of Fedhas.
   468 | D        | Found a bloodstained altar of Trog.
   468 | D        | Found an iron altar of Okawaru.
   468 | D        | Found a basalt altar of Yredelemnul.
   468 | D        | Found a glowing golden altar of the Shining One.
   468 | D        | Found a snail-covered altar of Cheibriados.
   468 | D        | Found a sacrificial altar of Ru.
   468 | D        | Found a glowing silver altar of Zin.
   468 | D        | Found a shadowy altar of Dithmenos.
   468 | D        | Found a white marble altar of Elyvilon.
   468 | D        | Noticed a yak
   479 | D        | Killed a yak
   479 | D        | Reached skill level 11 in Maces & Flails
   480 | D        | Found an opulent altar of Gozag.
   481 | D        | Found a sparkling altar of Nemelex Xobeh.
   596 | D        | Became a worshipper of Gozag Ym Sagoz the Greedy
   645 | D        | Found Miruleaq's Armour Emporium.
   648 | D        | Bought a scarf of repulsion for 120 gold pieces
   667 | D        | Noticed Sonja
   689 | D        | Found Qepriji's Distillery.
   697 | D        | Bought a potion of heal wounds for 70 gold pieces
   717 | D        | Killed a hornet
   762 | D        | Bought a +4 plate armour of cold resistance for 500 gold
                  | pieces
   771 | D        | Killed a hornet
   772 | D        | Killed a hornet
   778 | D        | Noticed an oklob plant
   778 | D        | Killed a deep elf master archer
   789 | D        | Splashed by an oklob plant's acid

Illustrated notes

Levels and vault maps discovered:
D:        dungeon_sprint_1 [red_sonja_temple_1, red_sonja_temple_small_1]

Skill      XL: |  1  2  3  4  5  6 |
---------------+-------------------+-----
Maces & Flails | 4 8 9 11 | 11.8
Shields        | 6 9 |  9.0
Fighting       | |  3.2
Armour         | |  3.2

Action                   |  1- 3 |  4- 6 || total
-------------------------+-------+-------++-------
Melee: Flail             |    27 |    29 ||    56
 Abil: Dig               |       |     4 ||     4
Evoke: Wand              |     1 |     2 ||     3
  Use: Potion            |     2 |       ||     2
Armor: Scale mail        |     9 |     5 ||    14
Dodge: Dodged            |     9 |     5 ||    14
Block: Kite shield       |     7 |    11 ||    18
